 Dungeon Crawl Stone Soup version 0.16-a0-3641-g71d4c1b (webtiles) character file.

4363 herbaltea the Cleaver (level 10, 0/88 HPs)
             Began as a Deep Dwarf Artificer on Apr 11, 2015.
             Was a Follower of Pakellas.
             Succumbed to a trapdoor spider's poison
             ... on level 9 of the Dungeon.
             The game lasted 00:57:29 (8017 turns).

herbaltea the Cleaver (Deep Dwarf Artificer)        Turns: 8017, Time: 00:57:30

Health: 0/88       AC: 18    Str: 15      XL:     10   Next: 12%
Magic:  4/17       EV:  8    Int: 13      God:    Pakellas [*.....]
Gold:   466        SH:  0    Dex: 19 (20) Spells: 0 memorised, 9 levels left

rFire  x . .     SeeInvis .     w - +3 war axe
rCold  + . .     Clarity  .     H - +0 plate armour
rNeg   . . .     SustAb   .     (no shield)
rPois  .         Gourm    .     (no helmet)
rElec  .         Spirit   .     O - +1 cloak
rCorr  .         Warding  .     (no gloves)
rMut   +         Stasis   .     B - +2 pair of boots
MR     +....                    A - amulet of resist mutation
Stlth  ..........               (no ring)
                                Z - ring of Pryidd {Ice Contam +Fly Dex+4}

@: lethally poisoned, non-regenerating, somewhat resistant to hostile
enchantments, extremely unstealthy
A: damage resistance, recharge devices, sense surroundings 2, slow healing 3
a: Device Recharging, Minor Device Surge, Renounce Religion, Evoke Flight


You were on level 9 of the Dungeon.
You worshipped Pakellas.
Pakellas was aware of your devotion.
You were hungry.

You visited 2 branches of the dungeon, and saw 10 of its levels.
You also visited: Ossuary.

You collected 466 gold pieces.

Inventory:

Hand weapons
 o - the +4 war axe of the Lost Lies {chop, *Tele rF++}
   (You found it on level 8 of the Dungeon)

   It inflicts extra damage upon your enemies.
   It greatly protects you from fire.
   It causes random teleportation.
 p - a +1 short sword of venom
 s - a +0 blowgun
 w - a +3 war axe (weapon)
 E - a +1 whip of flaming
 M - a +2 short sword of freezing
 S - a +2 flail of holy wrath
 T - a +0 vampiric short sword
 Y - a +0 hunting sling
Missiles
 m - 58 stones (quivered)
 y - 51 poisoned needles
 L - 46 bolts
 Q - 6 sling bullets
 R - 14 exploding sling bullets
Armour
 u - a cursed +0 buckler
 B - a +2 pair of boots (worn)
 D - a +0 robe of fire resistance
 H - a +0 plate armour (worn)
 O - a +1 cloak (worn)
Magical staves
 x - an uncursed staff of fire
Jewellery
 q - an uncursed ring of fire
 A - an amulet of resist mutation (around neck)
 Z - the ring of Pryidd (left hand) {Ice Contam +Fly Dex+4}
   (You found it on level 8 of the Dungeon)

   [ring of ice]

   It enhances your ice magic, and weakens your fire magic.
   It affects your dexterity (+4).
   It makes you vulnerable to fire.
   It protects you from cold.
   It lets you fly.
   It causes magical contamination when unequipped.
Magical devices
 b - a wand of flame (0)
 c - a wand of enslavement (3)
 d - a wand of random effects (1)
 f - a wand of heal wounds (0)
 C - a wand of fire (1)
 J - a wand of flame (27)
 P - a wand of slowing (26)
Scrolls
 a - a scroll of holy word {unknown}
 k - 9 scrolls of remove curse
 l - a scroll of recharging {unknown}
 G - a scroll of blinking
Potions
 h - 3 potions of magic
 i - a potion of resistance
 j - 2 potions of curing {unknown}
 n - a potion of brilliance {unknown}
 r - 2 potions of cancellation {unknown}
 t - a potion of degeneration {unknown}
 z - a potion of mutation {unknown}
 F - a potion of heal wounds {unknown}
 N - 2 potions of cure mutation {unknown}
 V - a potion of haste {unknown}
 W - a potion of restore abilities {unknown}
Comestibles
 g - 4 bread rations
 I - 5 meat rations
 U - a royal jelly
 X - 2 fruits


   Skills:
 + Level 5.3 Fighting
 - Level 0.8 Short Blades
 * Level 9.6 Axes
 - Level 0.1 Throwing
 + Level 7.2 Armour
 + Level 6.1 Dodging
 + Level 4.0 Stealth
 + Level 7.9 Evocations


You had 9 spell levels left.
You didn't know any spells.

Dungeon Overview and Level Annotations

Branches:
Dungeon (9/15)             Temple (1/1) D:7
   Lair: D:8-11         Orc: D:9-12

Altars:
Ashenzari
Cheibriados
Dithmenos
Elyvilon
Fedhas
Gozag
Kikubaaqudgha
Makhleb
Okawaru
Pakellas
Qazlal
Ru
Sif Muna
Trog
Vehumet
Xom
Yredelemnul
Zin
The Shining One

Shops:
D:5 [

Annotations:
D:3 Grinder, Terence
D:4 mdk's ghost, average KoAs
D:6 Menkaure


Innate Abilities, Weirdness & Mutations

You are resistant to damage.
You can recharge devices by infusing magical energy.
You passively map the area around you.
You do not heal naturally.


Message History

* * * LOW HITPOINT WARNING * * *
You feel very sick.
The trapdoor spider bites you but does no damage. x2
Your plate armour prevents you from hitting the trapdoor spider.
The trapdoor spider is heavily wounded.
* * * LOW HITPOINT WARNING * * *
You feel very sick. The trapdoor spider bites you!
* * * LOW HITPOINT WARNING * * *
* * * LOW HITPOINT WARNING * * *
You feel very sick.
The trapdoor spider bites you but does no damage.
Things that are here:
a +1 war axe; a dire flail; an orc corpse Drink which item? (? for menu, Esc to quit)
Okay, then.
Read which item? (? for menu, Esc to quit)
As you read the scroll of fear, it crumbles to dust.
You assume a fearsome visage.
The trapdoor spider looks frightened!
You die...

*, #............(o...## > , ,
*#....?..............#
##.........(.......... ,
,....................... , ,
,..... ##.....(...(.....# *,
....##...(%#####....... , *
*#.#......†## ##...##. *
####.#......## #....#.
#...##........@s## ####...
#.#....#..###....# #####.. ##.#
#......(....# #...... ##...
##....((....# #.###.#
#...####..........## ##.#....
#.#...............# ##...†..>
.....##..[..)...(.#######........
..#.....##...†........#...#......
......####....<.........###......


You could see a trapdoor spider (fleeing).

Vanquished Creatures
  Pikel (D:5)
  An elephant (D:8)
  A two-headed ogre (D:8)
  A deep elf mage (D:9)
  Eustachio (D:5)
  Edmund (D:7)
  A water moccasin (D:8)
  3 sky beasts
  2 phantoms
  An ogre (D:6)
  2 orc warriors (D:9)
  2 ice beasts
  3 centaurs
  A big kobold (D:9)
  A scorpion (D:4)
  3 wights (D:8)
  A centaur zombie (Ossuary)
  A gnoll shaman (D:6)
  2 quasits
  3 crimson imps
  An orc wizard (D:9)
  2 goliath beetles (D:7)
  4 jellies
  5 orc priests
  2 centaur skeletons
  A giant frog skeleton (D:4)
  3 hounds
  An iguana (D:7)
  A sheep (D:8)
  2 worker ants
  Ijyb (D:4)
  Jessica (D:3)
  A hound skeleton (D:6)
  15 adders
  8 gnolls (D:6)
  3 giant mites
  An adder skeleton (D:5)
  5 giant geckos
  2 oozes
  28 orcs
  3 ball pythons
  15 bats
  2 bat skeletons
  7 giant cockroaches
  16 hobgoblins
  5 jackals
  A quokka (D:9)
  A giant gecko skeleton (D:5)
  8 giant newts
  A giant spore (D:8)
  12 goblins
  A jackal skeleton (D:6)
  21 kobolds
  12 rats
  4 ballistomycetes
228 creatures vanquished.

Vanquished Creatures (collateral kills)
  An orc priest (D:8)
  An orc warrior (D:8)
  A goliath beetle (D:8)
  An orc wizard (D:6)
  A sheep (D:8)
  An ooze (D:3)
  3 orcs
  A quokka (D:4)
  A giant newt (D:3)
  A jackal (D:1)
12 creatures vanquished.

Vanquished Creatures (others)
  A wasp (D:8)
  A yak (D:8)
  A slave (D:5)
  A goliath beetle (D:8)
  A worker ant (D:6)
  A giant frog skeleton (D:5)
  2 orc wizards
  An adder (D:5)
  A jackal (D:1)
  A giant spore (D:6)
  A kobold (D:6)
12 creatures vanquished.

Grand Total: 252 creatures vanquished

Notes
Turn   | Place    | Note
--------------------------------------------------------------
     0 | D:1      | herbaltea, the Deep Dwarf Artificer, began the quest for the Orb.
     0 | D:1      | Reached XP level 1. HP: 16/16 MP: 1/1
   132 | D:1      | Reached skill level 1 in Fighting
   132 | D:1      | Reached XP level 2. HP: 16/25 MP: 3/3
   855 | D:2      | Found a stormy altar of Qazlal.
   895 | D:2      | Found a glowing golden altar of the Shining One.
   926 | D:2      | Reached XP level 3. HP: 18/31 MP: 5/5
  1022 | D:2      | Reached skill level 1 in Armour
  1022 | D:2      | Reached skill level 5 in Evocations
  1492 | D:3      | Reached XP level 4. HP: 18/38 MP: 7/7
  1532 | D:3      | Noticed Jessica
  1537 | D:3      | Killed Jessica
  1606 | D:3      | Noticed Terence
  1709 | D:3      | Noticed Grinder
  1825 | D:3      | Reached XP level 5. HP: 21/45 MP: 9/9
  2296 | D:3      | Paralysed by Grinder for 4 turns
  2655 | D:4      | Noticed a phantom
  2702 | D:4      | Killed a phantom
  2702 | D:4      | Reached skill level 6 in Evocations
  2702 | D:4      | Reached XP level 6. HP: 36/52 MP: 10/12
  2738 | D:4      | Noticed mdk's ghost (average KoAs)
  2927 | D:4      | Reached skill level 1 in Axes
  3114 | D:5      | Entered Level 5 of the Dungeon
  3118 | D:5      | Found a sand-covered staircase.
  3124 | Ossuary  | Entered an ossuary
  3145 | Ossuary  | Reached XP level 7. HP: 48/60 MP: 14/14
  3320 | D:4      | Noticed Ijyb
  3367 | D:4      | Killed Ijyb
  3457 | D:5      | Found Ruw Ilaw's Antique Armour Shop.
  3548 | D:5      | Noticed Eustachio
  4017 | D:5      | Noticed Pikel
  4041 | D:5      | Killed Pikel
  4041 | D:5      | Reached XP level 8. HP: 55/69 MP: 14/16
  4207 | D:5      | Reached skill level 5 in Dodging
  4254 | D:5      | Killed Eustachio
  4254 | D:5      | Reached skill level 5 in Axes
  4254 | D:5      | Reached skill level 5 in Armour
  4854 | D:6      | Reached skill level 7 in Evocations
  5177 | D:7      | Found an ancient bone altar of Kikubaaqudgha.
  5239 | D:7      | Noticed Edmund
  5285 | D:7      | Killed Edmund
  5369 | D:7      | Gained mutation: You passively map the area around you. [level up]
  5369 | D:7      | Reached XP level 9. HP: 35/78 MP: 17/17
  5435 | D:7      | Found an oddly glowing altar of Pakellas.
  5475 | D:7      | Found an iron altar of Okawaru.
  5505 | D:7      | Found a deep blue altar of Sif Muna.
  5505 | D:7      | Found a blossoming altar of Fedhas.
  5529 | D:7      | Found a white marble altar of Elyvilon.
  5558 | D:7      | Became a worshipper of Pakellas the Inventive
  6014 | D:7      | Found a staircase to the Ecumenical Temple.
  6021 | Temple   | Entered the Ecumenical Temple
  6381 | D:6      | Noticed Menkaure
  6621 | D:8      | Got a crude glass ring
  6622 | D:8      | Identified the ring of Pryidd {Ice Contam +Fly Dex+4} (You found it on level 8 of the Dungeon)
  6702 | D:8      | Noticed an elephant
  6772 | D:8      | Killed an elephant
  6772 | D:8      | Reached skill level 8 in Axes
  6820 | D:8      | Got a steaming war axe
  6821 | D:8      | Identified the +4 war axe of the Lost Lies {chop, *Tele rF++} (You found it on level 8 of the Dungeon)
  6844 | D:8      | Found a staircase to the Lair.
  6895 | D:8      | Acquired Pakellas' first power
  6913 | D:8      | Found a glowing golden altar of the Shining One.
  7003 | D:8      | Reached skill level 9 in Axes
  7716 | D:9      | Reached skill level 5 in Fighting
  7767 | D:9      | Reached XP level 10. HP: 47/88 MP: 13/19
  8016 | D:9      | HP: 3/88 [poisoned by a trapdoor spider]
  8017 | D:9      | Succumbed to a trapdoor spider's poison

Action                   |  1- 3 |  4- 6 |  7- 9 | 10-12 || total
-------------------------+-------+-------+-------+-------++-------
Melee: Short sword       |   100 |   118 |       |       ||   218
       War axe           |       |   104 |   482 |    54 ||   640
 Fire: Blowgun           |       |       |    55 |    10 ||    65
Throw: Stone             |       |     5 |     6 |       ||    11
Invok: Minor Device Surg |       |       |     2 |     3 ||     5
 Abil: Device Recharging |       |       |     2 |     2 ||     4
       Evoke Flight      |       |       |     1 |       ||     1
Evoke: Wand              |    10 |    28 |    30 |     5 ||    73
  Use: Scroll            |       |     1 |    12 |     2 ||    15
 Stab: Sleeping          |     3 |       |       |       ||     3
       Paralysed         |       |     1 |       |       ||     1
       Distracted        |       |       |     2 |       ||     2
  Eat: Chunk             |     1 |     6 |     7 |     1 ||    15
       Beef jerky        |       |       |     1 |       ||     1
       Fruit             |       |       |     2 |       ||     2
       Bread ration      |       |       |     1 |       ||     1
       Pizza             |       |       |     1 |       ||     1
